 Dungeon Crawl Stone Soup version 0.29-a0-553-g81b289dbe5 (webtiles) character file.

Game seed: 5949739374041520445

162 nobbins the Gusty (level 5, -1/40 HPs)
             Began as a Draconian Air Elementalist on June 7, 2022.
             Was a Believer of Cheibriados.
             Slain by a gnoll
             ... wielding a +0 spear
              (5 damage)
             ... on level 3 of the Dungeon.
             The game lasted 00:21:13 (2758 turns).

nobbins the Gusty (Draconian Air Elementalist)      Turns: 2758, Time: 00:21:13

Health: -1/40      AC:  5    Str: 15    XL:     5   Next: 19%
Magic:  8/9        EV: 16    Int: 22    God:    Cheibriados [**....]
Gold:   164        SH:  0    Dex: 17    Spells: 5/10 levels left

rFire   . . .      SeeInvis .   c - +1 short sword
rCold   . . .      Faith    .   (no shield)
rNeg    . . .      Spirit   .   (body armour unavailable)
rPois   .          Reflect  .   (helmet restricted)
rElec   .          Harm     .   (no cloak)
rCorr   .          Rampage  .   (no gloves)
Will    .....                   (no boots)
Stlth   ++........              (no amulet)
HPRegen 0.13/turn               g - +4 ring of evasion
MPRegen 0.11/turn               (no ring)

@: very slow
A: AC +5, unfitting armour, cold-blooded
a: Renounce Religion, Bend Time


You were on level 3 of the Dungeon.
You worshipped Cheibriados.
Cheibriados was pleased with you.
You visited 1 branch of the dungeon, and saw 3 of its levels.

You collected 164 gold pieces.

Inventory:

Hand Weapons
 c - a +1 short sword (weapon)
Armour
 k - a +0 robe
Jewellery
 g - a +4 ring of evasion (left hand)
Scrolls
 b - a scroll of noise
 e - 2 scrolls of enchant weapon
 i - a scroll of fog
 j - a scroll of vulnerability {unknown}
 l - a scroll of blinking {unknown}
 n - a scroll of fear {unknown}
 p - a scroll of identify
Potions
 a - a potion of magic
 d - a potion of mutation
 f - a potion of haste
 m - a potion of degeneration {unknown}
 o - a potion of brilliance {unknown}


   Skills:
 + Level 1.0 Fighting
 + Level 0.7 Short Blades
 + Level 2.3 Dodging
 + Level 2.1 Stealth
 + Level 3.0 Spellcasting
 + Level 2.4 Conjurations
 + Level 0.1 Transmutations
 + Level 3.6 Air Magic
 + Level 0.7 Earth Magic


You had 5 spell levels left.
You knew the following spells:

 Your Spells              Type           Power      Damage    Failure   Level
a - Shock                 Conj/Air       64%        1d7       3%          1
b - Static Discharge      Conj/Air       16%        N/A       5%          2
c - Passwall              Tmut/Erth      4%         N/A       16%         2

Your spell library contained the following spells:

 Spells                   Type           Power      Damage    Failure   Level
 Magic Dart               Conj           56%        1d5       4%          1
 Searing Ray              Conj           28%        2d5       7%          2
 Swiftness                Air            19%        N/A       9%          3
 Ensorcelled Hibernation  Hex/Ice        6%         N/A       19%         2
 Airstrike                Air            9%         N/A       28%         4
 Fulminant Prism          Conj/Hex       4%         3d6       58%         4


Dungeon Overview and Level Annotations

Branches:
Dungeon (3/15)

Altars:
Cheibriados
Xom

Annotations:
D:3 1 runed translucent door, Crazy Yiuf, Natasha


Innate Abilities, Weirdness & Mutations

Your plain brown scales are hard. (AC +5)
You cannot fit into any form of body armour.
You are cold-blooded and may be slowed by cold attacks.


Message History

Things that are here:
a +0 club; a potion of mutation; 7 gold pieces
Casting: Static Discharge (safe; 5% risk of failure)
Confirm with . or Enter, or press ? or * to list all spells.
The gnoll is struck by an arc of lightning!
You kill the gnoll!
Cheibriados appreciates the change of pace.
The lightning grounds out.
The gnoll hits you with a +0 spear.
Casting: Static Discharge (safe; 5% risk of failure)
Confirm with . or Enter, or press ? or * to list all spells.
The gnoll is struck by an arc of lightning.
The gnoll is severely wounded.
The worm is struck by an arc of lightning.
The worm is moderately wounded.
The lightning grounds out.
The worm bites you.
* * * LOW HITPOINT WARNING * * *
The gnoll hits you with a +0 spear.
* * * LOW HITPOINT WARNING * * *
The gnoll completely misses you. Natasha misses you.
Natasha completely misses you. Natasha claws you.
* * * LOW HITPOINT WARNING * * *
Casting: Static Discharge (safe; 5% risk of failure)
Confirm with . or Enter, or press ? or * to list all spells.
Okay, then.
Okay, then.
Okay, then.
Magic courses through your body. Natasha misses you.
The gnoll closely misses you.
Casting: Static Discharge (safe; 5% risk of failure)
Confirm with . or Enter, or press ? or * to list all spells.
Natasha is struck by an arc of lightning.
Natasha is moderately wounded.
You are struck by an arc of lightning.
* * * LOW HITPOINT WARNING * * *
Natasha is struck by an arc of lightning.
Natasha is heavily wounded.
The lightning grounds out.
Natasha closely misses you.
The gnoll hits you from afar with a +0 spear.
You die...

.## #.# ##g#.#.........
.## #.## ###..#
.......... .## #..#
##..>## #.....!... #
##.###..### #......... .
.# #..##.## ##.))...... #
.# ##....######......####
## .# #....##..^w.>....#
.##.####.##.....#hg.....#
#####
............###.@.#######
#..)# ...#.###.#### #..##
#...# #..# ..### #.## ...
##.#####... .##..### #+#
.......#.# #.#..†..# ##.#
#....#...# #.#.###.# #.##
#######.####...# #.# ##.#
#........####.###### #.##
#..#.............(.#
##.##


You could see a worm, Natasha and a gnoll.

Vanquished Creatures
  Terence (D:2)
  Natasha (D:3)
  4 gnolls
  3 adders
  A dart slug (D:3)
  3 ball pythons
  3 endoplasms
  A giant cockroach (D:3)
  4 hobgoblins (D:1)
  4 kobolds
  A quokka (D:3)
  7 bats
  3 frilled lizards
  8 goblins
  5 rats
  A spectral kobold (D:1)
50 creatures vanquished.

Vanquished Creatures (others)
  A fungus (D:3)
1 creature vanquished.

Grand Total: 51 creatures vanquished

Notes
Turn   | Place    | Note
-------+----------+-------------------------------------------
     0 | D:1      | nobbins the Draconian Air Elementalist began the quest for
                  | the Orb.
     0 | D:1      | Reached XP level 1. HP: 14/14 MP: 3/3
   580 | D:1      | Reached XP level 2. HP: 20/20 MP: 0/5
  1006 | D:1      | Found a faded altar of an unknown god.
  1021 | D:1      | Prayed at the altar of an unknown god.
  1021 | D:1      | Became a worshipper of Cheibriados the Contemplative
  1021 | D:1      | Reached * piety under Cheibriados
  1519 | D:2      | Noticed Terence
  1535 | D:2      | Reached XP level 3. HP: 26/26 MP: 3/6
  1587 | D:1      | HP: 1/26 [goblin/+0 club (1)]
  1927 | D:2      | Killed Terence
  2085 | D:2      | Reached XP level 4. HP: 28/34 MP: 8/8
  2088 | D:2      | Learned a level 2 spell: Static Discharge
  2161 | D:2      | Learned a level 2 spell: Passwall
  2300 | D:2      | Reached ** piety under Cheibriados
  2507 | D:3      | Noticed Natasha
  2630 | D:3      | Found a shimmering altar of Xom.
  2705 | D:3      | Found a runed translucent door.
  2706 | D:3      | Noticed Crazy Yiuf
  2737 | D:3      | Killed Natasha
  2738 | D:3      | Reached XP level 5. HP: 31/39 MP: 6/9
  2749 | D:3      | Reached skill level 1 in Fighting
  2749 | D:3      | Noticed Natasha
  2758 | D:3      | Slain by a gnoll

Illustrated notes

Levels and vault maps discovered:
D:1:      psy_arrival_dodecagon, layout_loops_corners,
          dreamdust_ecumenical_altar_drowned_temple,
          chequers_serial_rivers_room_a, chequers_serial_rivers_room_b,
          dreamdust_wishing_well, minmay_misc_feat_chi, grunt_decor_arrowhead,
          amethyst_killhole
D:2:      layout_rooms, due_unseen_surprise, uniq_terence
D:3:      layout_rooms, mainiacjoe_overflow_alcove_4, serial_bayou_crossing,
          uniq_crazy_yiuf_cottage, uniq_natasha

Skill      XL: |  1  2  3  4  5 |
---------------+----------------+-----
Stealth        | 2 |  2.1
Dodging        | 2 |  2.3
Spellcasting   | 3 |  3.0
Conjurations   | 2 |  2.4
Fighting       | 1 |  1.0
Short Blades   | |  0.7
Transmutations | |  0.1
Air Magic      | |  3.6
Earth Magic    | |  0.7

Action                   |  1- 3 |  4- 6 || total
-------------------------+-------+-------++-------
Melee: Short sword       |    34 |    23 ||    57
       Tailslap          |     8 |       ||     8
       Unarmed           |     1 |       ||     1
       Punch             |       |     1 ||     1
 Cast: Shock             |    46 |    26 ||    72
       Static Discharge  |       |    10 ||    10
       Passwall          |       |     2 ||     2
Invok: Bend Time         |     1 |       ||     1
  Use: Potion            |     4 |     2 ||     6
       Scroll            |     4 |     7 ||    11
 Stab: Sleeping          |       |     1 ||     1
Armor: Skin              |    11 |    11 ||    22
Dodge: Dodged            |    87 |    46 ||   133

Table legend: (Time is in decaauts)
 A = Elapsed time spent in this place.
 B = Non-inter-level travel time spent in this place.
 C = Inter-level travel time spent in this place.
 D = Time resting spent in this place.
 E = Time spent auto-exploring this place.
 F = Levels seen in this place.
 G = Mean time per level.
                   A        B        C        D        E       F      G
               +--------+--------+--------+--------+--------+-----+--------+
         Total |   3207 |   3136 |     71 |    674 |   1367 |   3 | 1069.0 |
       Dungeon |   3207 |   3136 |     71 |    674 |   1367 |   3 | 1069.0 |
               +--------+--------+--------+--------+--------+-----+--------+

Top non-repeatable levels by time:
     D:1: 2041 daAuts
     D:2: 742 daAuts
     D:3: 423 daAuts
